 Dungeon Crawl Stone Soup version 0.29.0-15-g675c0067aa (webtiles) character file.

Game seed: 7409016617811742641

462 qw the Chopper (level 7, -10/43 HPs)
             Began as a Gargoyle Fighter on Sept 11, 2022.
             Mangled by Duvessa
             ... wielding a +0 rapier
              (17 damage)
             ... on level 4 of the Dungeon.
             The game lasted 00:01:16 (4413 turns).

qw the Chopper (Gargoyle Fighter)                   Turns: 4413, Time: 00:01:17

Health: -10/43     AC: 15    Str: 22    XL:     7   Next: 7%
Magic:  7/7        EV:  7    Int:  8    God:
Gold:   220        SH:  4    Dex:  9    Spells: 6/6 levels left

rFire   . . .      SeeInvis .   Y - +2 war axe
rCold   . . .      Faith    .   c - +0 buckler
rNeg    + . .      Spirit   .   h - +0 chain mail
rPois   inf        Reflect  .   k - +0 helmet
rElec   +          Harm     .   (no cloak)
rCorr   .          Rampage  .   (no gloves)
Will    .....                   (no boots)
Stlth   ..........              (no amulet)
HPRegen 0.14/turn               (no ring)
MPRegen 0.10/turn               (no ring)

@: lit by a corona, glowing
A: sickness immunity, AC +4, negative energy resistance 1, electricity
resistance, torment resistance 1, petrification resistance
a: no special abilities


You were on level 4 of the Dungeon.
You visited 1 branch of the dungeon, and saw 4 of its levels.

You collected 220 gold pieces.


Innate Abilities, Weirdness & Mutations

You are immune to sickness and miasma.
Your stone body is resilient. (AC +4)
You are immune to poison.
You resist negative energy. (rN+)
You are resistant to electric shocks. (rElec)
You are resistant to unholy torment.
You are immune to petrification.


   Skills:
 - Level 4.3 Fighting
 - Level 6.1 Axes
 - Level 1.1 Throwing
 - Level 3.2 Armour
 + Level 0.0 Dodging
 - Level 3.2 Shields


You had 6 spell levels left.
You didn't know any spells.
Your spell library was empty.

Inventory:

Hand Weapons
 m - a +0 flail
 Y - a +2 war axe (weapon)
Missiles
 b - 3 boomerangs
 r - 9 javelins (quivered)
Armour
 c - a +0 buckler (worn)
 h - a +0 chain mail (worn)
 k - a +0 helmet (worn)
Jewellery
 s - a ring of willpower
Scrolls
 j - a scroll of blinking {unknown}
 o - a scroll of magic mapping {unknown}
 u - 2 scrolls of noise {unknown}
Potions
 a - a potion of cancellation {unknown}
 d - a potion of might
 e - a potion of degeneration {unknown}
 f - a potion of lignification {unknown}
 g - 2 potions of heal wounds {unknown}
 i - a potion of curing
 l - a potion of attraction
 n - a potion of resistance {unknown}
 q - a potion of berserk rage {unknown}
 t - a potion of invisibility {unknown}

Dungeon Overview and Level Annotations

Branches:
Dungeon (4/15)
 Temple: D:4-7

Altars:
Elyvilon
Gozag
Hepliaklqana
Kikubaaqudgha
Nemelex Xobeh
Qazlal
Trog
Vehumet
Zin

Shops:
D:3 :

Annotations:
D:4 Duvessa


Message History

r - 7 javelins (gained 1)
There is a stone staircase leading down here.
r - 9 javelins (gained 2)
There is a stone staircase leading down here.
Duvessa shouts!
Dowan mumbles some strange words.
Dowan blinks!
Found a scale mail.
Duvessa says, "Beauty is only skin deep, and my weapons penetrate much further than that."
Duvessa hits you with a +0 rapier!
You barely miss Duvessa.
Duvessa is lightly wounded.
Duvessa hits you with a +0 rapier. Dowan gestures at you while chanting.
You are outlined in light.
You slash Duvessa!
Duvessa is moderately wounded.
Duvessa hits you but does no damage. You block Duvessa's attack.
You barely miss Duvessa.
Duvessa is moderately wounded.
You slash Dowan! You block Duvessa's attack.
Dowan points at you and mumbles some strange words.
The puff of frost hits you but does no damage.
You slash Dowan!
You kill Dowan!
Duvessa weeps, and shakes her weapon.
Duvessa goes berserk!
You hit Duvessa but do no damage. You block Duvessa's attack.
Duvessa hits you with a +0 rapier!
Your Axes skill increases to level 6!
You have reached level 7!
You hit Duvessa but do no damage.
Duvessa is moderately wounded.
Duvessa hits you with a +0 rapier. Duvessa barely misses you.
You slash Duvessa!
Duvessa is heavily wounded.
Duvessa hits you with a +0 rapier!
You slash Duvessa!
Duvessa is heavily wounded.
Duvessa hits you with a +0 rapier!
You die...

.#..........#..##.#...........#.#
.....#....##..##_.'..8..8..8..'._
.......##.#...(##.#...........#.#
.......#......#####...8...8...###
........#....#..####....8....###
..<...........#.##.#'.......'#.#
.................#..##.....##..#
.................#_..###'###.._#
........#.......@######...######
.......##.......)e..# ##_##
.........#.........[...###
........................
........................
#.......................
#.##.........####.......
..###.......# #.....#
.#.#........##


You could see Duvessa (berserk).

Vanquished Creatures
  A scorpion (D:4)
  2 necrophages (D:4)
  Dowan (D:4)
  2 iguanas
  Ijyb (D:3)
  10 adders
  2 worms
  3 dart slugs
  8 endoplasms
  2 giant cockroaches
  5 goblins
  5 hobgoblins
  3 quokkas
  8 ball pythons
  3 bats
  A frilled lizard (D:1)
  8 kobolds
  3 rats
68 creatures vanquished.

Notes
Turn   | Place    | Note
-------+----------+-------------------------------------------
     0 | D:1      | qw the Gargoyle Fighter began the quest for the Orb.
     0 | D:1      | Reached XP level 1. HP: 14/14 MP: 1/1
     0 | D:1      | 0 ||| qw: Version: 0.1-a-119-g272c26d
     0 | D:1      | 0 ||| qw: Game counter: 10732
     0 | D:1      | 0 ||| qw: Always use a shield: true
     0 | D:1      | 0 ||| qw: God list: Okawaru
     0 | D:1      | 0 ||| qw: Allow faded altars: false
     0 | D:1      | 0 ||| qw: Do Orc after D:15 true
     0 | D:1      | 0 ||| qw: Do second Lair branch before Depths: true
     0 | D:1      | 0 ||| qw: Lair rune preference: random
     0 | D:1      | 0 ||| qw: Plans: Normal, Zot, God:TSO, Crypt, Tomb, Pan,
                  | Slime, Hells, Zig, Abyss, Orb
     0 | D:1      | 0 ||| PLANNING D:1-11
   109 | D:1      | 109 ||| Stepping ~*~*~tactically~*~*~ (stealth).
   112 | D:1      | Reached skill level 2 in Axes
   139 | D:1      | Reached XP level 2. HP: 9/19 MP: 2/2
   348 | D:1      | 348 ||| Stepping ~*~*~tactically~*~*~ (stealth).
   350 | D:1      | 350 ||| Stepping ~*~*~tactically~*~*~ (stealth).
   352 | D:1      | 352 ||| Stepping ~*~*~tactically~*~*~ (stealth).
   365 | D:1      | 365 ||| Stepping ~*~*~tactically~*~*~ (stealth).
   376 | D:1      | 376 ||| Stepping ~*~*~tactically~*~*~ (stealth).
   383 | D:1      | 383 ||| Stepping ~*~*~tactically~*~*~ (stealth).
   384 | D:1      | 384 ||| Stepping ~*~*~tactically~*~*~ (stealth).
   390 | D:1      | 390 ||| Stepping ~*~*~tactically~*~*~ (stealth).
   643 | D:1      | 643 ||| Stepping ~*~*~tactically~*~*~ (stealth).
   669 | D:1      | Reached skill level 3 in Axes
   994 | D:1      | Reached XP level 3. HP: 23/23 MP: 3/3
  1106 | D:1      | 1106 ||| READING 2 scrolls labelled QAKEOL LI UTE.
  1107 | D:1      | 1107 ||| READING scroll of enchant weapon.
  1107 | D:1      | 1107 ||| ENCHANTING +1 war axe.
  1108 | D:1      | 1108 ||| READING scroll labelled TUNTOL ZUFILE.
  1966 | D:2      | 1966 ||| DROPPING +0 whip.
  2357 | D:2      | 2357 ||| UPGRADING to +0 chain mail.
  2367 | D:2      | 2367 ||| DROPPING +0 scale mail.
  2368 | D:2      | 2368 ||| UPGRADING to +0 helmet.
  2373 | D:2      | 2373 ||| DROPPING +6 ring of intelligence.
  2374 | D:2      | 2374 ||| DRINKING 2 red potions.
  2404 | D:3      | 2404 ||| Stepping ~*~*~tactically~*~*~ (stealth).
  2406 | D:3      | 2406 ||| STAIRDANCE
  2410 | D:2      | Reached XP level 4. HP: 16/28 MP: 4/4
  2544 | D:3      | 2544 ||| STAIRDANCE
  2682 | D:3      | Reached skill level 4 in Axes
  2690 | D:3      | Found a white marble altar of Elyvilon.
  2729 | D:3      | Found a faded altar of an unknown god.
  2774 | D:3      | 2774 ||| Stepping ~*~*~tactically~*~*~ (stealth).
  2823 | D:3      | Noticed Ijyb
  2824 | D:3      | 2824 ||| Stepping ~*~*~tactically~*~*~ (hiding).
  2832 | D:3      | Killed Ijyb
  2833 | D:3      | Reached XP level 5. HP: 23/32 MP: 5/5
  2996 | D:3      | Found Dighom's Book Emporium.
  2998 | D:3      | 2998 ||| Stepping ~*~*~tactically~*~*~ (hiding).
  3000 | D:3      | 3000 ||| Stepping ~*~*~tactically~*~*~ (hiding).
  3001 | D:3      | 3001 ||| Stepping ~*~*~tactically~*~*~ (hiding).
  3167 | D:3      | 3167 ||| READING 2 scrolls labelled ZUDWUI VAYPS.
  3168 | D:3      | 3168 ||| READING scroll labelled RURAIL WEKU.
  3169 | D:3      | 3169 ||| READING scroll labelled ESTRETT NIFREC.
  3170 | D:3      | 3170 ||| READING scroll labelled NIFUMIDUSCHADOU.
  3171 | D:3      | 3171 ||| DRINKING 2 smoky purple potions.
  3172 | D:3      | 3172 ||| DROPPING scroll of amnesia.
  3201 | D:4      | 3201 ||| PLANNING SEWER
  3294 | D:4      | Reached skill level 1 in Throwing
  3414 | D:4      | Reached skill level 5 in Axes
  3508 | D:4      | 3508 ||| Stepping ~*~*~tactically~*~*~ (stealth).
  3522 | D:4      | Reached XP level 6. HP: 34/38 MP: 6/6
  3550 | D:4      | 3550 ||| Stepping ~*~*~tactically~*~*~ (stealth).
  3587 | D:4      | 3587 ||| Stepping ~*~*~tactically~*~*~ (stealth).
  3830 | D:4      | Found a radiant altar of Vehumet.
  3900 | D:4      | Noticed Duvessa
  3900 | D:4      | Noticed Dowan
  3901 | D:4      | 3901 ||| Stepping ~*~*~tactically~*~*~ (hiding).
  3916 | D:4      | HP: 8/38 [Dowan/puff of flame (4)]
  3917 | D:4      | 3917 ||| READING scroll of teleportation.
  3921 | D:4      | 3921 ||| RIP SEWER
  4184 | D:4      | 4184 ||| PLANNING D:1-11
  4261 | D:4      | Found a sparkling altar of Nemelex Xobeh.
  4268 | D:4      | Found an opulent altar of Gozag.
  4279 | D:4      | Found a bloodstained altar of Trog.
  4286 | D:4      | Found an ancient bone altar of Kikubaaqudgha.
  4294 | D:4      | Found a stormy altar of Qazlal.
  4301 | D:4      | Found a glowing silver altar of Zin.
  4306 | D:4      | Found a hazy altar of Hepliaklqana.
  4410 | D:4      | Killed Dowan
  4411 | D:4      | Reached skill level 6 in Axes
  4411 | D:4      | Reached XP level 7. HP: 22/43 MP: 7/7
  4412 | D:4      | HP: 7/43 [Duvessa/+0 rapier (10)]
  4413 | D:4      | Mangled by Duvessa

Levels and vault maps discovered:
D:1:      evilmike_arrival_home_sweet_home, layout_basic, minmay_distorted
D:2:      layout_loops_ring, serial_co_window_serial, co_window_corner_a,
          co_window_corner_a, co_window_corner_a, co_window_paths_a,
          co_window_corner_a, co_window_corner_a, co_window_of_opportunity_a,
          co_window_corner_a, co_window_cross_1, co_window_broadway_b,
          co_window_unsneaky_path_c, co_window_of_opportunity_c,
          co_window_4corner_b, glass_columns_a, glass_columns_c,
          glass_columns_a, glass_columns_a, glass_columns_a, feat_on_display
D:3:      cheibrodos_helix_gallery, layout_rooms, elyvilon_altar_4,
          serial_shops, nicolae_shop_advertising_works
          [nicolae_subvault_shop_adworks], basic_ecumenical_altar, uniq_ijyb
D:4:      layout_layer_cave, lemuel_doored_altar,
          grunt_temple_overflow_octagram, gup_sewer_entry_pipe,
          minmay_snake_closets, uniq_duvessa

Skill      XL: |  1  2  3  4  5  6 |
---------------+-------------------+-----
Axes           | 2 3 4 5 6 |  6.1
Throwing       | 1 |  1.1
Fighting       | 4 |  4.3
Armour         | |  3.2
Shields        | |  3.2

Action                   |  1- 3 |  4- 6 |  7- 9 || total
-------------------------+-------+-------+-------++-------
Melee: War axe           |    76 |   117 |     3 ||   196
Throw: Boomerang         |       |    13 |       ||    13
       Javelin           |       |    22 |       ||    22
  Use: Scroll            |     3 |     5 |       ||     8
       Potion            |     1 |     1 |       ||     2
Armor: Scale mail        |    35 |       |       ||    35
       Chain mail        |       |    88 |       ||    88
Dodge: Dodged            |    24 |    42 |     1 ||    67
Block: Buckler           |    13 |    24 |       ||    37

Table legend:
 A = Non-vault XP
 B = Vault XP
 C = Vault XP percentage of total XP
 D = Non-vault monster count
 E = Vault monster count
 F = Vault count percentage of total count
                 A         B        C        D         E       F
            +---------+---------+-------+---------+---------+-------
      Total |     445 |     215 |  32.6 |      51 |      17 |  25.0
            +---------+---------+-------+---------+---------+-------
        D:1 |      31 |       5 |  13.9 |      18 |       4 |  18.2
        D:2 |      52 |       0 |   0.0 |       9 |       0 |   0.0
        D:3 |      22 |      63 |  74.1 |      10 |       3 |  23.1
        D:4 |     340 |     147 |  30.2 |      14 |      10 |  41.7
            +---------+---------+-------+---------+---------+-------
